 Seeded DCSS version 0.28-a0-938-gbc3f381ebc (webtiles) character file.

Game seed: 16008875487339432128 (custom seed)

9158 deadmanwalking the Thaumaturge (level 11, -7/54 HPs)
             Began as a Deep Elf Conjurer on Nov 29, 2021.
             Was a Believer of Sif Muna.
             Constricted to death by Jorgrun (17 damage)
             ... on level 1 of the Orcish Mines on Nov 30, 2021.
             The game lasted 00:42:21 (15012 turns).

deadmanwalking the Thaumaturge (Deep Elf Conjurer) Turns: 15012, Time: 00:42:23

Health: -7/54      AC:  7    Str:  4    XL:     11   Next: 19%
Magic:  17/29      EV:  9    Int: 33    God:    Sif Muna [**....]
Gold:   717        SH:  5    Dex: 13    Spells: 19/34 levels left

rFire   . . .      SeeInvis +   c - staff of conjuration
rCold   . . .      Faith    .   (no shield)
rNeg    + . .      Spirit   .   C - +1 robe {rN+}
rPois   .          Reflect  +   (no helmet)
rElec   .          Harm     .   k - +1 cloak {rCorr}
rCorr   +          Rampage  .   H - +0 pair of gloves
Will    +....                   n - +0 pair of boots
Stlth   ++........              h - amulet of reflection
HPRegen 0.18/turn               b - ring of see invisible
MPRegen 0.21/turn               d - +6 ring of intelligence

@: grasped by roots, constricted
A: no striking features
a: Renounce Religion, Channel Magic


You were on level 1 of the Orcish Mines.
You worshipped Sif Muna.
Sif Muna was pleased with you.
You visited 3 branches of the dungeon, and saw 11 of its levels.
You also visited: Ossuary.

You collected 717 gold pieces.

Inventory:

Hand Weapons
 w - a +0 vorpal hunting sling
 F - the +5 spear "Siroguso" {protect, Fragile Fly Dex+7 Stlth+}
   (You found it on level 6 of the Dungeon)

   It grants its wielder temporary protection when it strikes (+7 to AC).
   Dex:       It affects your dexterity (+7).
   Fly:       It grants you flight.
   Fragile:   It will be destroyed if unequipped.
   Stlth:     It makes you more stealthy.
 G - a +5 scimitar of holy wrath
Missiles
 f - 130 arrows
 i - 312 stones
 j - 61 sling bullets
 o - 4 throwing nets
 z - a boomerang
 E - 69 bolts
 J - 23 poisoned darts
Armour
 k - a +1 cloak of preservation (worn)
 n - a +0 pair of boots (worn)
 C - a +1 robe of positive energy (worn)
 H - a +0 pair of gloves (worn)
 I - +0 swamp dragon scales
Magical Staves
 c - a staff of conjuration (weapon)
Jewellery
 a - the necklace of Bloodlust {*Rage Will++ Int-3 Slay+6}
   (You found it on level 7 of the Dungeon)

   [amulet of nothing]

   It extends the wearer's berserk rage when killing foes.
   Int:       It affects your intelligence (-3).
   Slay:      It affects your accuracy & damage with ranged weapons and melee
   (+6).
   *Rage:     It berserks you when you make melee attacks (+50% chance).
   Will:      It greatly increases your willpower.
 b - a ring of see invisible (left hand)
 d - a +6 ring of intelligence (right hand)
 g - a ring of poison resistance
 h - an amulet of reflection (around neck)
 L - a +6 ring of dexterity
 N - a ring of flight
 O - a +6 ring of strength
Wands
 y - a wand of flame (10)
 P - a wand of acid (11)
Scrolls
 l - a scroll of acquirement
 p - 4 scrolls of teleportation
 t - a scroll of fog
 v - a scroll of immolation
 K - a scroll of silence
 M - 3 scrolls of identify
 Q - a scroll of enchant weapon
Potions
 m - a potion of might
 q - a potion of berserk rage
 r - a potion of attraction
 s - 4 potions of curing
 u - a potion of ambrosia
 x - a potion of brilliance
 A - 3 potions of lignification
 B - 2 potions of haste
 D - a potion of cancellation


   Skills:
 - Level 2.4 Dodging
 - Level 2.4 Stealth
 + Level 12.2 Spellcasting
 + Level 11.0 Conjurations
 - Level 9.0 Translocations
 + Level 4.4 Ice Magic
 + Level 4.0 Air Magic
 - Level 3.2 Earth Magic
 + Level 5.4 Invocations


You had 19 spell levels left.
You knew the following spells:

 Your Spells              Type           Power      Damage    Failure   Level
a - Magic Dart            Conj           100%       1d8       1%          1
b - Searing Ray           Conj           100%       2d8       1%          2
c - Stone Arrow           Conj/Erth      100%       3d13      1%          3
d - Iskenderun's Mystic   Conj/Tloc      92%        2d18      1%          4
e - Freezing Cloud        Conj/Ice/Air   38%        6-21      4%          5

Your spell library contained the following spells:

 Spells                   Type           Power      Damage    Failure   Level
 Sandblast                Erth           82%        2d17      1%          1
 Ensorcelled Hibernation  Hex/Ice        68%        N/A       1%          2
 Passwall                 Tmut/Erth      25%        N/A       1%          2
 Dazzling Flash           Conj/Hex       100%       N/A       1%          3
 Fulminant Prism          Conj/Hex       35%        3d18      2%          4
 Confusing Touch          Hex            20%        N/A       7%          3
 Summon Mana Viper        Hex/Summ       20%        N/A       54%         5
 Simulacrum               Ice/Necr       17%        N/A       80%         6
 Polar Vortex             Ice            24%        N/A       100%        9


Dungeon Overview and Level Annotations

Branches:
Dungeon (9/15)             Temple (1/1) D:7            Lair (0/6) D:9
    Orc (1/2) D:9         Ossuary (visited)

Altars:
Cheibriados
Dithmenos
Elyvilon
Fedhas
Gozag
Hepliaklqana
Kikubaaqudgha
Makhleb
Nemelex Xobeh
Okawaru
Qazlal
Ru
Sif Muna
Trog
Uskayaw
Vehumet
Wu Jian
Xom
Yredelemnul
Zin
The Shining One
Beogh

Annotations:
D:3 2 transporters, Atlas's ghost, amateur DjEE
Orc:1 Jorgrun


Message History

You climb downwards.
Welcome back to the Orcish Mines!
Level annotation: Jorgrun Jorgrun gestures at you while chanting.
Roots burst forth from the earth!
The grasping roots grab you! The grasping roots constrict you!
There is a staircase back to the Dungeon, spattered with blood here.
Casting: Iskenderun's Mystic Blast (safe; 1% risk of failure)
Confirm with . or Enter, or press ? or * to list all spells.
Aiming: Freezing Cloud (dangerous; 4% risk of failure)
Press: ? - help, Dir - move target, f - Jorgrun
Aim: Jorgrun, wielding a +0 vorpal quarterstaff and wearing a +1 robe of positive energy You feel a surge of power!
Jorgrun is engulfed in freezing vapours.
The grasping roots constrict you!
Casting: Freezing Cloud (dangerous; 4% risk of failure)
Confirm with . or Enter, or press ? or * to list all spells.
Aiming: Stone Arrow (safe; 1% risk of failure)
Press: ? - help, Shift-Dir - straight line, f/p - Jorgrun
Aim: Jorgrun, wielding a +0 vorpal quarterstaff and wearing a +1 robe of positive energy (freezing vapour, lightly wounded, 63% to hit)
You feel a surge of power!
The stone arrow hits Jorgrun!!
Jorgrun is lightly wounded.
Jorgrun is engulfed in freezing vapours.
Jorgrun says, "A few more walls knocked out 'ere an' thar an' 'tis whole place will come crashin' down."
The grasping roots constrict you! x2
* * * LOW HITPOINT WARNING * * *
Casting: Stone Arrow (safe; 1% risk of failure)
Confirm with . or Enter, or press ? or * to list all spells.
You feel a surge of power!
You erupt in a blast of force!
The mystic blast hits Jorgrun!
Jorgrun is moderately wounded.
Jorgrun is knocked back by the mystic blast.
Drinking this now will have no effect.
Aiming: Corrosive Bolt
Press: ? - help, Shift-Dir - straight line, f/p - Jorgrun
Aim: Jorgrun, wielding a +0 vorpal quarterstaff and wearing a +1 robe of positive energy (moderately wounded, 53% to hit)
The bolt of acid hits Jorgrun!!
The acid corrodes Jorgrun!
Jorgrun is moderately wounded.
The grasping roots constrict you!
You die...

.......)... ..
.#.....[...##..
.......[)..#...
..[....).......
....).)........
...............
#......[......#
#...).@..#
............#
.......g.......
^...§....##....
.....§§§.. .#.
.....§§§... ..
.....§§§... .
..........#.


You could see Jorgrun (corroded).

Vanquished Creatures
  An orc high priest (Orc:1)
  An elephant (D:9)
  Maggie (D:8)
  The ghost of croobank the Stinger, a novice HuMo of Sif Muna (D:5)
  Psyche (D:8)
  A hornet (D:9)
  Sigmund (D:8)
  3 wyverns
  Eustachio (D:5)
  2 humans (D:8)
  7 yaks
  A basilisk (D:9)
  Edmund (D:4)
  Grum (D:8)
  4 water moccasins
  An ice beast (D:6)
  9 orc warriors
  2 black bears
  A centaur (D:9)
  2 wolves (D:8)
  2 phantoms
  An elf zombie (Ossuary)
  Blork the orc (D:5)
  2 gnoll sergeants
  2 kobold brigands (D:9)
  3 bullfrogs
  A wyvern zombie (D:7)
  2 scorpions (D:5)
  A water moccasin skeleton (D:5)
  The ghost of gigimoi the Covert, a weakling GnDe (D:4)
  4 killer bees (D:9)
  4 wights (D:6)
  7 howler monkeys
  A bullfrog zombie (D:5)
  5 centaur skeletons
  A centaur zombie (D:8)
  3 hounds (D:8)
  A gnoll shaman (D:7)
  9 orc priests
  Jessica (D:3)
  2 bullfrog skeletons
  13 orc wizards
  3 iguanas
  A hound zombie (D:5)
  A hound skeleton (D:5)
  2 mummies (Ossuary)
  A howler monkey zombie (D:5)
  11 gnolls
  8 adders
  2 worms (D:3)
  An adder skeleton (D:5)
  4 dart slugs
  40 orcs
  3 endoplasms
  A giant cockroach (D:4)
  3 gnoll zombies (Ossuary)
  8 hobgoblins
  4 jackals (D:2)
  3 quokkas
  8 ball pythons
  6 bats
  4 frilled lizards
  5 goblins
  5 goblin zombies (Ossuary)
  17 kobolds
  5 orc zombies (Ossuary)
  9 rats
264 creatures vanquished.

Vanquished Creatures (others)
  A jackal (D:8)
1 creature vanquished.

Grand Total: 265 creatures vanquished

Notes
Turn   | Place    | Note
-------+----------+-------------------------------------------
     0 | D:1      | deadmanwalking the Deep Elf Conjurer began the quest for
                  | the Orb.
     0 | D:1      | Reached XP level 1. HP: 10/10 MP: 6/6
   383 | D:1      | Reached XP level 2. HP: 15/15 MP: 0/8
   386 | D:1      | Learned a level 2 spell: Searing Ray
   499 | D:1      | Noticed a shining eye
   500 | D:1      | Found a faded altar of an unknown god.
   532 | D:1      | Noticed a golden eye
   532 | D:1      | Noticed an eye of devastation
   532 | D:1      | Noticed an eye of devastation
  1067 | D:2      | Reached skill level 4 in Spellcasting
  1067 | D:2      | Reached skill level 5 in Conjurations
  1067 | D:2      | Reached XP level 3. HP: 19/19 MP: 4/10
  1693 | D:2      | Reached XP level 4. HP: 24/24 MP: 8/12
  1697 | D:2      | Learned a level 3 spell: Stone Arrow
  1702 | D:2      | Learned a level 4 spell: Iskenderun's Mystic Blast
  2530 | D:3      | Noticed Atlas's ghost (amateur DjEE)
  2531 | D:3      | Found a transporter.
  2553 | D:3      | Found a transporter.
  3125 | D:3      | Noticed Jessica
  3385 | D:3      | Found an ornate altar of the Wu Jian Council.
  3667 | D:3      | Killed Jessica
  3668 | D:3      | Reached skill level 5 in Spellcasting
  3668 | D:3      | Reached skill level 1 in Translocations
  3668 | D:3      | Reached skill level 1 in Earth Magic
  3833 | D:4      | Reached XP level 5. HP: 28/28 MP: 10/14
  3885 | D:4      | Found a sand-covered staircase.
  3896 | Ossuary  | Entered an ossuary
  4646 | D:4      | Reached XP level 6. HP: 32/32 MP: 10/16
  4698 | D:4      | Noticed Edmund
  4703 | D:4      | Killed Edmund
  4704 | D:4      | Reached skill level 6 in Spellcasting
  5410 | D:4      | Found a runed translucent door.
  5411 | D:4      | Noticed gigimoi's ghost (weakling GnDe)
  5480 | D:4      | Reached XP level 7. HP: 36/36 MP: 9/18
  5940 | D:4      | Killed gigimoi's ghost
  6026 | D:5      | Entered Level 5 of the Dungeon
  6273 | D:5      | Noticed Eustachio
  6282 | D:5      | Killed Eustachio
  6283 | D:5      | Reached skill level 7 in Spellcasting
  6484 | D:5      | Found a glowing golden altar of the Shining One.
  6558 | D:5      | Noticed Blork the orc
  6566 | D:5      | Killed Blork the orc
  6721 | D:5      | Noticed a yak
  6901 | D:5      | Reached XP level 8. HP: 41/41 MP: 13/21
  7131 | D:5      | Reached skill level 8 in Spellcasting
  7131 | D:5      | Reached skill level 5 in Translocations
  7606 | D:5      | Found a runed translucent door.
  7607 | D:5      | Noticed croobank's ghost (novice HuMo)
  7616 | D:5      | Killed croobank's ghost
  7787 | D:5      | Reached skill level 9 in Spellcasting
  8245 | D:6      | Identified the +5 spear "Siroguso" {protect, Fragile Fly
                  | Dex+7 Stlth+}
  8264 | D:6      | Reached XP level 9. HP: 45/45 MP: 18/24
  9302 | D:7      | Found the necklace of Bloodlust {*Rage Will++ Int-3 Slay+6}
  9493 | D:7      | Reached skill level 10 in Spellcasting
  9547 | D:7      | Got the Disquisition on Malediction
  9755 | D:7      | Found a staircase to the Ecumenical Temple.
  9765 | Temple   | Entered the Ecumenical Temple
  9942 | Temple   | Became a worshipper of Sif Muna the Loreminder
 10081 | D:7      | Reached skill level 1 in Invocations
 10395 | D:8      | Noticed Maggie
 10404 | D:8      | Killed Maggie
 10723 | D:8      | Noticed Grum
 10747 | D:8      | Killed Grum
 10748 | D:8      | Reached skill level 11 in Spellcasting
 10848 | D:8      | Reached skill level 10 in Conjurations
 10848 | D:8      | Reached XP level 10. HP: 50/50 MP: 20/27
 10854 | D:8      | Learned a level 5 spell: Freezing Cloud
 10952 | D:8      | Noticed Psyche
 10975 | D:8      | Killed Psyche
 10978 | D:8      | Reached * piety under Sif Muna
 10982 | D:8      | Reached skill level 1 in Ice Magic
 10982 | D:8      | Reached skill level 1 in Air Magic
 11142 | D:8      | Noticed Sigmund
 11160 | D:8      | Killed Sigmund
 13090 | D:9      | Found a sacrificial altar of Ru.
 13243 | D:9      | Noticed an elephant
 13256 | D:9      | Killed an elephant
 13307 | D:9      | Found a staircase to the Lair.
 13348 | D:9      | Reached ** piety under Sif Muna
 13428 | D:9      | Found an iron altar of Okawaru.
 13449 | D:9      | Identified the +1 chain mail of Gestures {Harm MP+9 Str+4
                  | Int-4}
 13785 | D:9      | Reached skill level 12 in Spellcasting
 13785 | D:9      | Reached skill level 5 in Invocations
 13793 | D:9      | Reached XP level 11. HP: 50/54 MP: 15/29
 13944 | D:9      | Found a staircase to the Orcish Mines.
 14552 | Orc:1    | Entered Level 1 of the Orcish Mines
 14555 | Orc:1    | Noticed an orc high priest
 14560 | Orc:1    | Killed an orc high priest
 14701 | Orc:1    | Noticed Jorgrun
 14716 | D:9      | HP: 2/54 [orc warrior[an orc high priest] (6)]
 15012 | Orc:1    | Constricted to death by Jorgrun

Illustrated notes

Levels and vault maps discovered:
D:1:      heliophobic_arrival_henge, layout_basic,
          hellmonk_ecumenical_altar_watching_god
D:2:      layout_basic
D:3:      minmay_inner_zag, layout_basic, nzn_wu_jian_council_hall,
          gammafunk_ghost_stat_death, kennysheep_jessica_study, uniq_jessica
D:4:      layout_loops_corners, hellmonk_ghost_happy_afterlife,
          lightli_ossuary_entry_decrepit_ruins, uniq_edmund
D:5:      minmay_clustersquares, layout_loops_ring, tso_metal_star,
          gammafunk_ghost_grave, uniq_blork_the_orc, uniq_eustachio
D:6:      layout_basic
D:7:      layout_loops_ring, minmay_temple_entry_glassed_door
D:8:      erik_cavepeople, layout_layer_cave, uniq_grum, uniq_maggie
D:9:      layout_long_grid, okawaru_ov_weapons_minmay, lemuel_doored_altar,
          david_lair_generic, minmay_orc_entry_temple_small
Temple:   minmay_crystal_spiral_temple
Orc:1:    layout_caves, serial_shops, nicolae_shop_hallway_stairs, basic_altar,
          uniq_jorgrun

Skill      XL: |  1  2  3  4  5  6  7  8  9 10 11 |
---------------+----------------------------------+-----
Spellcasting   | 4 5 6 7 9 11 12 | 12.2
Conjurations   | 5 6 7 8 10 11 | 11.0
Translocations | 1 2 3 4 6 8 9 |  9.0
Earth Magic    | 1 2 3 |  3.2
Invocations    | 3 5 |  5.4
Ice Magic      | 3 4 |  4.4
Air Magic      | 3 4 |  4.0
Dodging        | |  2.4
Stealth        | |  2.4

Action                   |  1- 3 |  4- 6 |  7- 9 | 10-12 || total
-------------------------+-------+-------+-------+-------++-------
 Cast: Magic Dart        |    77 |    88 |    70 |    47 ||   282
       Searing Ray       |     1 |    20 |    58 |    31 ||   110
       Iskenderun's Myst |       |     1 |     8 |    13 ||    22
       Stone Arrow       |       |       |    19 |    41 ||    60
       Freezing Cloud    |       |       |       |     8 ||     8
Evoke: Wand              |       |       |       |     1 ||     1
  Use: Scroll            |     4 |     5 |    10 |     2 ||    21
       Potion            |       |       |       |     1 ||     1
Armor: Robe              |     1 |       |    27 |    15 ||    43
Dodge: Dodged            |     1 |     7 |    33 |    40 ||    81
Block: Other             |       |     4 |    13 |    10 ||    27
       Reflection        |       |       |       |     1 ||     1

Table legend: (Time is in decaauts)
 A = Elapsed time spent in this place.
 B = Non-inter-level travel time spent in this place.
 C = Inter-level travel time spent in this place.
 D = Time resting spent in this place.
 E = Time spent auto-exploring this place.
 F = Levels seen in this place.
 G = Mean time per level.
                   A        B        C        D        E       F      G
               +--------+--------+--------+--------+--------+-----+--------+
         Total |  15032 |  13929 |   1103 |    107 |  12160 |  12 | 1252.7 |
       Dungeon |  14244 |  13228 |   1016 |     50 |  11676 |   9 | 1582.7 |
        Temple |    215 |    128 |     87 |      0 |    111 |   1 |  215.0 |
  Orcish Mines |     24 |     24 |      0 |      0 |      0 |   1 |   24.0 |
       Ossuary |    547 |    547 |      0 |     57 |    373 |   1 |  547.0 |
               +--------+--------+--------+--------+--------+-----+--------+

Top non-repeatable levels by time:
     D:8: 2179 daAuts
     D:9: 2117 daAuts
     D:5: 2056 daAuts
     D:4: 1706 daAuts
     D:3: 1507 daAuts
     D:7: 1323 daAuts
     D:2: 1227 daAuts
     D:1: 1110 daAuts
     D:6: 1015 daAuts
 Ossuary: 547 daAuts
  Temple: 215 daAuts
   Orc:1: 24 daAuts
